 Dungeon Crawl Stone Soup version 0.22-a0-265-g0d8bc90 (console) character file.

88 Duffy the Magician (level 4, -7/36 HPs)
             Began as a Naga Wizard on Mar 8, 2018.
             Mangled by an orc warrior
             ... wielding a +0 trident
              (25 damage)
             ... on level 6 of the Dungeon.
             The game lasted 00:02:30 (2379 turns).

Duffy the Magician (Naga Wizard)                    Turns: 2379, Time: 00:02:31

Health: -7/36      AC:  2    Str:  9    XL:     4   Next: 53%
Magic:  10/10      EV:  9    Int: 19    God:
Gold:   94         SH:  0    Dex:  8    Spells: 3/11 levels left

rFire    . . .     SeeInvis +   h - +1 dagger (protect)
rCold    . . .     Gourm    .   (no shield)
rNeg     . . .     Faith    .   a - +0 robe
rPois    +         Spirit   .   b - +0 hat
rElec    .         Reflect  .   (no cloak)
rCorr    .         Harm     .   (no gloves)
MR       .....                  (no barding)
Stlth    ++........             (no amulet)
HPRegen  0.12/turn              n - -2 ring of dexterity (curse)
MPRegen  0.12/turn              (no ring)

@: very slow
A: large, see invisible, deformed body, poison resistance, slowness 2, slow
metabolism 1, spit poison 1, AC +1
a: Spit Poison


You were on level 6 of the Dungeon.
You were not hungry.

You visited 1 branch of the dungeon, and saw 4 of its levels.

You collected 94 gold pieces.

Inventory:

Hand Weapons
 h - a +1 dagger of protection (weapon)
Armour
 a - a +0 robe (worn)
 b - a +0 hat (worn)
Jewellery
 n - a cursed -2 ring of dexterity (left hand)
Scrolls
 f - a scroll of teleportation {unknown}
 i - a scroll of blinking {unknown}
 l - a scroll of fog {unknown}
 o - a scroll of identify {unknown}
Potions
 c - a potion of brilliance {unknown}
 e - a potion of degeneration {unknown}
 g - a potion of curing {unknown}
 j - a potion of agility {unknown}
 k - a potion of lignification {unknown}
 m - 3 potions of flight {unknown}
 q - 2 potions of might {unknown}
Comestibles
 d - 4 rations
 p - a chunk of flesh


   Skills:
 - Level 1.5 Dodging
 - Level 3.0 Stealth
 + Level 4.0 Spellcasting
 + Level 3.0 Conjurations
 - Level 1.0 Summonings
 - Level 1.0 Translocations


You had 3 spell levels left.
You knew the following spells:

 Your Spells              Type           Power        Failure   Level  Hunger
a - Magic Dart            Conj           ###.         4%          1    None
h - Call Imp              Summ           #.......     14%         2    ##.....
k - Mephitic Cloud        Conj/Pois/Air  #.......     26%         3    ###....
B - Blink                 Tloc           N/A          14%         2    ##.....


Dungeon Overview and Level Annotations

Branches:
Dungeon (3/15)

Altars:
Hepliaklqana


Innate Abilities, Weirdness & Mutations

You cannot wear boots.
Your serpentine skin is tough. (AC +1)
You have supernaturally acute eyesight. (SInv)
Armour fits poorly on your strangely shaped body.
Your system is resistant to poisons. (rPois)
You cover ground very slowly.
You have a slow metabolism.
You can spit poison.


Message History

You start resting.
You hear the rusting of a distant drain.
You start resting.
Magic restored.
You enter a teleport trap!
The teleport trap disappears.
Your surroundings suddenly seem different.
A leopard gecko and a zombie come into view.
The leopard gecko hisses angrily.
The killer bee zombie hits you. The leopard gecko closely misses you.
There are monsters nearby!
The killer bee zombie closely misses you.
The orc warrior hits you but does no damage.
The killer bee zombie closely misses you.
The killer bee zombie hits you. The leopard gecko barely misses you.
The orc warrior barely misses you. The killer bee zombie hits you.
The killer bee zombie barely misses you.
The killer bee zombie hits you.
The orc warrior hits you from afar with a trident!!
Ouch! That really hurt!
You die...

#. .# # ###.#
.# #. .... ..
#. ###.###.#
. #.....#.# #
####.....#.#
#
.......o...#
#
$####...Z.###
# .......@l.#
.########## #
#


You could see an orc warrior, a killer bee zombie and a leopard gecko.

Vanquished Creatures
  A bullfrog skeleton (D:2)
  2 adders (D:2)
  3 worms (D:2)
  A dart slug (D:1)
  A leopard gecko (D:6)
  A ball python (D:2)
  4 bats
  3 giant cockroaches
  6 goblins
  4 hobgoblins
  A kobold (D:1)
  A quokka (D:6)
  A rat (D:1)
29 creatures vanquished.

Vanquished Creatures (others)
  5 toadstools (D:1)
5 creatures vanquished.

Grand Total: 34 creatures vanquished

Notes
Turn   | Place    | Note
-------+----------+-------------------------------------------
     0 | D:1      | Duffy the Naga Wizard began the quest for the Orb.
     0 | D:1      | Reached XP level 1. HP: 15/15 MP: 4/4
   159 | D:1      | Reached XP level 2. HP: 22/22 MP: 0/6
   163 | D:1      | Learned a level 2 spell: Blink
   166 | D:1      | Learned a level 2 spell: Call Imp
  1020 | D:2      | Reached XP level 3. HP: 12/28 MP: 1/7
  1025 | D:2      | Learned a level 3 spell: Mephitic Cloud
  1753 | D:2      | Reached XP level 4. HP: 34/36 MP: 5/9
  1838 | D:2      | Reached skill level 4 in Spellcasting
  2236 | D:3      | You fall through a shaft for 3 floors!
  2249 | D:6      | Found a hazy altar of Hepliaklqana.
  2261 | D:6      | Noticed an orc warrior
  2379 | D:6      | Mangled by an orc warrior

Vault maps used:
D:1:      ldierk_walled_garden
D:2:      first_ration
D:3:      nicolae_dithmenos_through_a_glass_darkly, dk_vineyard_3
D:6:      lemuel_doored_altar, portal_sewer_entry_f

Skill      XL: |  1  2  3  4 |
---------------+-------------+-----
Conjurations   | 2 3 |  3.0
Spellcasting   | 4 |  4.0
Dodging        | |  1.5
Stealth        | |  3.0
Summonings     | |  1.0
Translocations | |  1.0

Action                   |  1- 3 |  4- 6 || total
-------------------------+-------+-------++-------
Melee: Dagger            |     2 |     2 ||     4
 Cast: Magic Dart        |    79 |    18 ||    97
 Abil: Spit Poison       |    16 |       ||    16
  Eat: Chunk             |     2 |     2 ||     4
Armor: Robe              |     3 |     1 ||     4
Dodge: Dodged            |     8 |     9 ||    17

Table legend:
 A = Spawn XP
 B = Non-spawn XP
 C = Spawn XP percentage of total XP
 D = Spawn monster count
 E = Non-spawn monster count
 F = Spawn count percentage of total count
 G = Total turns spent on level
                    A         B        C        D         E        F      G
               +---------+---------+-------+---------+---------+-------+---------
         Total |       0 |     126 |   0.0 |       0 |      29 |   0.0 |  2379
               +---------+---------+-------+---------+---------+-------+---------
           D:1 |       0 |      25 |   0.0 |       0 |      13 |   0.0 |   834
           D:2 |       0 |      96 |   0.0 |       0 |      14 |   0.0 |  1392
           D:6 |       0 |       5 |   0.0 |       0 |       2 |   0.0 |   143
               +---------+---------+-------+---------+---------+-------+---------
